Knights vs Influenza
(R2)
Created - May 17, 2018 at 20:53
Goals
|
Knights |
1 |
1 |
1 |
0 |
3 |
Influenza |
1 |
1 |
1 |
1 |
4 |
|
Shots
|
Knights |
10 |
9 |
7 |
1 |
27 |
Influenza |
13 |
15 |
10 |
1 |
39 |
|
1st period
1. Knights , Jimmy Hayes 2 (Cody Bass 10) at 12:16 (PP)
2. Influenza , Mark Olver 5 (Lane MacDermid 8, Dmitry Sinitsyn 2) at 15:06
Penalties :
Johan Larsson (VJB) for Hooking (Minor) at 8:20, Mark Scheifele (VJB) for High sticking (Minor) at 11:27
2nd period
3. Knights , Tomas Kundratek 5 (Jimmy Hayes 10, Michael Raffl 7) at 0:55 (PP)
4. Influenza , Garnet Hathaway 2 (Oskars Bartulis 3) at 11:21
Penalties :
Lane MacDermid (VJB) for Hooking (Minor) at 0:43
3rd period
5. Knights , Cody Bass 6 (Kevin Hayes 7, Tomas Kundratek 4) at 0:16
6. Influenza , Jimmy Vesey 4 (Mark Scheifele 11) at 10:00
Penalties :
Tomas Kundratek (Lon) for Tripping (Minor) at 6:01, Beau Bennett (VJB) for Holding (Minor) at 13:05
Overtime #1
7. Influenza , Oskars Bartulis 1 (Iiro Pakarinen 2, Thomas McCollum) at 1:55 (SH)
Penalties :
Beau Bennett (VJB) for Holding (Minor) at 0:27
Goalie Stats
Magnus Hellberg (Lon), 35 saves from 39 shots - (0.897), OTL, 1-2-1, 61:55 minutes
Thomas McCollum (VJB), 24 saves from 27 shots - (0.889), W, 5-2-0, 61:55 minutes
Players Stats for Knights
Player Name G A P +/- PIM S H SB GA TA FO MP PP MP PK MP
------------------------------------------------------------------------------------
A.J. Jenks 0 0 0 0 0 0 1 1 0 0 0/0 16:05 0:00 0:00
Brendan Gaunce 0 0 0 0 0 0 0 0 0 0 2/6 6:21 0:00 0:00
Cody Bass 1 1 2 -1 0 6 4 1 2 0 18/32 22:26 3:54 1:03
Jaccob Slavin 0 0 0 0 0 1 0 3 0 1 0/0 16:42 2:44 0:36
Jacob Trouba 0 0 0 -2 0 0 0 0 0 1 0/0 19:09 0:00 1:23
Jared Spurgeon 0 0 0 -1 0 2 1 0 0 1 0/0 27:35 3:42 1:23
Jimmy Hayes 1 1 2 -1 0 1 0 0 2 1 0/0 20:33 3:54 0:28
Jordan Martinook 0 0 0 -2 0 0 3 0 0 0 0/0 8:07 0:00 0:00
Kevin Hayes 0 1 1 0 0 5 1 1 0 0 0/2 20:41 2:28 0:28
Linden Vey 0 0 0 0 0 1 0 1 0 0 0/0 13:55 2:28 0:00
Michael Matheson 0 0 0 0 0 0 0 1 0 0 0/0 13:58 0:00 0:36
Michael Raffl 0 1 1 -1 0 2 1 2 1 1 3/4 23:09 3:50 1:03
Nikita Nikitin 0 0 0 -2 0 1 2 3 0 2 0/0 20:22 2:44 0:00
Noel Acciari 0 0 0 0 0 2 2 0 0 0 5/9 19:31 2:28 0:28
Scott Wilson 0 0 0 0 0 1 0 0 0 0 0/0 11:43 0:00 0:28
Stefan Matteau 0 0 0 -2 0 3 0 0 0 0 2/4 8:59 0:04 0:00
Tom Wilson 0 0 0 -2 0 0 1 1 0 0 2/4 12:13 0:12 0:00
Tomas Kundratek 1 1 2 -1 2 2 1 1 1 2 0/0 26:06 3:42 0:00
Players Stats for Influenza
Player Name G A P +/- PIM S H SB GA TA FO MP PP MP PK MP
------------------------------------------------------------------------------------
Beau Bennett 0 0 0 0 4 2 3 0 1 1 0/0 14:56 0:53 0:00
Charlie Coyle 0 0 0 0 0 1 0 0 0 0 4/8 13:37 0:00 0:00
Dmitry Sinitsyn 0 1 1 2 0 1 0 1 0 0 0/0 13:47 0:00 0:00
Garnet Hathaway 1 0 1 2 0 6 3 0 1 0 0/1 13:30 0:00 0:00
Iiro Pakarinen 0 1 1 0 0 3 3 0 1 0 2/3 10:48 0:00 1:36
Jeff May 0 0 0 2 0 1 1 2 0 1 0/0 23:37 1:20 4:58
Jeremy Morin 0 0 0 1 0 4 4 0 0 1 1/2 20:32 1:06 1:43
Jimmy Vesey 1 0 1 0 0 5 1 0 2 0 0/0 18:51 0:53 0:21
Joe Morrow 0 0 0 2 0 0 0 1 0 0 0/0 13:47 0:00 0:00
Johan Larsson 0 0 0 2 2 0 1 0 0 0 0/0 14:09 0:00 0:30
Jordan Schroeder 0 0 0 0 0 4 2 0 0 0 1/3 8:06 0:00 0:00
Lane MacDermid 0 1 1 0 2 1 2 1 2 0 0/0 18:56 1:06 3:33
Mark Olver 1 0 1 2 0 6 1 2 0 0 8/16 17:43 0:53 3:49
Mark Scheifele 0 1 1 1 2 2 2 0 1 1 13/28 20:37 1:06 1:20
Matt Corrente 0 0 0 0 0 1 5 3 0 2 0/0 27:44 1:20 4:41
Nikita Gusev 0 0 0 0 0 0 0 0 0 0 0/0 7:29 0:00 0:00
Oskars Bartulis 1 1 2 1 0 2 2 3 1 0 0/0 19:51 0:39 1:28
Paul Ladue 0 0 0 -1 0 0 2 0 0 0 0/0 25:04 0:39 1:45
3 Stars
1 - Oskars Bartulis (VJB)
2 - Garnet Hathaway (VJB)
3 - Mark Olver (VJB)
Power Play
Knights - 2 on 5 Attempt(s) - 40.00%
Influenza - 0 on 1 Attempt(s) - 0.00%
Penalty Kill
Knights - 1 on 1 Attempt(s) - 100.00%
- Score 0 goal in Penalty Kill
Influenza - 3 on 5 Attempt(s) - 60.00%
- Score 1 goal in Penalty Kill
Team Stat
Knights - Hits : 17 - Faceoff Wins : 32 - Blocked Shots : 15 - Penalty Minutes : 2
Influenza - Hits : 32 - Faceoff Wins : 29 - Blocked Shots : 13 - Penalty Minutes : 10
Official
Referees : Pochmara Brian and McCreary Bill
Linesman : Thor Nelson and Michel Cormier
Game Notes
Brendan Gaunce is injured at 14:28 of 2nd period (Groin)
Finance
Level 1 -- Attendance: 2000 (100.00%) -- Ticket Income $80,000
Level 2 -- Attendance: 1000 (100.00%) -- Ticket Income $20,000
Total Attendance: 3000 (100.00%)
Total Ticket Income: $100,000
Other Income: $5,000
Total Income: $105,000
Knights
5 vs 5 Forward
Center Left Wing Right Wing Time % Phy DF OF
1 Cody Bass Michael Raffl Kevin Hayes 40 1 2 2
2 Noel Acciari A.J. Jenks Jimmy Hayes 30 2 1 2
3 Brendan Gaunce Scott Wilson Linden Vey 20 1 2 2
4 Stefan Matteau Jordan Martinook Tom Wilson 10 2 2 1
5 vs 5 Defense
Defense Defense Time % Phy DF OF
1 Tomas Kundratek Jared Spurgeon 40 2 2 1
2 Nikita Nikitin Jacob Trouba 30 0 4 1
3 Michael Matheson Jaccob Slavin 20 1 2 2
4 Tomas Kundratek Jared Spurgeon 10 1 2 2
PowerPlay Forward
Center Left Wing Right Wing Time % Phy DF OF
1 Cody Bass Michael Raffl Jimmy Hayes 60 1 1 3
2 Noel Acciari Linden Vey Kevin Hayes 40 1 1 3
PowerPlay Defense
Defense Defense Time % Phy DF OF
1 Jared Spurgeon Tomas Kundratek 60 0 2 3
2 Nikita Nikitin Jaccob Slavin 40 0 2 3
Penalty Kill 4 Players Forward
Center Wing Time % Phy DF OF
1 Cody Bass Michael Raffl 60 1 3 1
2 Jimmy Hayes Kevin Hayes 40 1 3 1
Penalty Kill 4 Players Defense
Defense Defense Time % Phy DF OF
1 Jared Spurgeon Tomas Kundratek 60 1 3 1
2 Michael Matheson Jacob Trouba 40 1 3 1
Penalty Kill - 3 Players Forward
Forward Time % Phy DF OF
1 Noel Acciari 60 0 4 1
2 Kevin Hayes 40 0 4 1
Penalty Kill - 3 Players Defense
Defense Defense Time % Phy DF OF
1 Jared Spurgeon Tomas Kundratek 60 1 3 1
2 Jacob Trouba Michael Matheson 40 1 3 1
4 vs 4 Forward
Center Wing Time % Phy DF OF
1 Noel Acciari Michael Raffl 60 1 2 2
2 Cody Bass Kevin Hayes 40 1 2 2
4 vs 4 Defense
Defense Defense Time % Phy DF OF
1 Nikita Nikitin Jared Spurgeon 60 1 2 2
2 Jacob Trouba Tomas Kundratek 40 1 2 2
Last Minutes Offensive
Center Left Wing Right Wing Defense Defense
Cody Bass Michael Raffl Jimmy Hayes Jared Spurgeon Nikita Nikitin
Last Minutes Defensive
Center Left Wing Right Wing Defense Defense
Cody Bass Michael Raffl Kevin Hayes Jared Spurgeon Tomas Kundratek
Goaltenders
Starting : Magnus Hellberg
Backup : Ben Scrivens
Extra Forwards
Normal : Tom Wilson, Noel Acciari, Michael Raffl - PP : Tom Wilson, Michael Raffl - PK : Michael Raffl
Extra Defensemen
Normal : Jared Spurgeon, Nikita Nikitin, Jacob Trouba - PP : Jared Spurgeon - PK : Jared Spurgeon, Jacob Trouba
Penalty Shots
Michael Raffl, Noel Acciari, Linden Vey, Tom Wilson, Kevin Hayes
Scratches
Alan Quine (Healthy), Zach Budish (Healthy), Jordan Weal (Healthy), Collin Miller (Healthy), Matt Puempel (Healthy)
David Shields (Healthy), Matthew Benning (Healthy), Matt Grzelcyk (Healthy), Brett Connolly (Healthy), Travis Boyd (Healthy)
Zach Trotman (Healthy), Scott Jackson (Healthy), Connor Knapp (Healthy)
Influenza
5 vs 5 Forward
Center Left Wing Right Wing Time % Phy DF OF
1 Mark Scheifele Jimmy Vesey Jeremy Morin 40 1 2 2
2 Charlie Coyle Lane MacDermid Beau Bennett 30 1 2 2
3 Mark Olver Johan Larsson Garnet Hathaway 20 1 2 2
4 Jordan Schroeder Nikita Gusev Iiro Pakarinen 10 1 2 2
5 vs 5 Defense
Defense Defense Time % Phy DF OF
1 Matt Corrente Paul Ladue 40 1 2 2
2 Jeff May Oskars Bartulis 30 1 2 2
3 Joe Morrow Dmitry Sinitsyn 20 1 2 2
4 Matt Corrente Paul Ladue 10 1 2 2
PowerPlay Forward
Center Left Wing Right Wing Time % Phy DF OF
1 Mark Scheifele Lane MacDermid Jeremy Morin 60 1 2 2
2 Mark Olver Jimmy Vesey Beau Bennett 40 1 2 2
PowerPlay Defense
Defense Defense Time % Phy DF OF
1 Jeff May Matt Corrente 60 1 2 2
2 Oskars Bartulis Paul Ladue 40 1 2 2
Penalty Kill 4 Players Forward
Center Wing Time % Phy DF OF
1 Mark Olver Lane MacDermid 60 1 2 2
2 Mark Scheifele Jeremy Morin 40 1 2 2
Penalty Kill 4 Players Defense
Defense Defense Time % Phy DF OF
1 Matt Corrente Jeff May 60 1 2 2
2 Jeff May Paul Ladue 40 1 2 2
Penalty Kill - 3 Players Forward
Forward Time % Phy DF OF
1 Mark Olver 60 1 2 2
2 Mark Scheifele 40 1 2 2
Penalty Kill - 3 Players Defense
Defense Defense Time % Phy DF OF
1 Matt Corrente Jeff May 60 1 2 2
2 Oskars Bartulis Paul Ladue 40 1 2 2
4 vs 4 Forward
Center Wing Time % Phy DF OF
1 Mark Scheifele Lane MacDermid 60 1 2 2
2 Mark Olver Jeremy Morin 40 1 2 2
4 vs 4 Defense
Defense Defense Time % Phy DF OF
1 Matt Corrente Jeff May 60 1 2 2
2 Jeff May Paul Ladue 40 1 2 2
Last Minutes Offensive
Center Left Wing Right Wing Defense Defense
Mark Scheifele Lane MacDermid Jeremy Morin Jeff May Matt Corrente
Last Minutes Defensive
Center Left Wing Right Wing Defense Defense
Mark Scheifele Lane MacDermid Jeremy Morin Paul Ladue Matt Corrente
Goaltenders
Starting : Thomas McCollum
Backup : Alex Stalock
Extra Forwards
Normal : Garnet Hathaway, Lane MacDermid, Iiro Pakarinen - PP : Garnet Hathaway, Lane MacDermid - PK : Iiro Pakarinen
Extra Defensemen
Normal : Matt Corrente, Oskars Bartulis, Jeff May - PP : Matt Corrente - PK : Oskars Bartulis, Jeff May
Penalty Shots
Jeremy Morin, Mark Olver, Beau Bennett, Mark Scheifele, Garnet Hathaway
Scratches
Jacob Josefson (Healthy), Jamie Devane (Healthy), Fredric Larsson (Healthy), Tim Erixon (Right Eye Injury), Tom Kuhnhackl (Healthy)
Rocco Grimaldi (Healthy), Ryan Sproul (Healthy), Josh Andrerson (Healthy), Mathieu Carle (Right Hand Injury), Jesse Graham (Healthy)
Vince Rocco (Healthy), T.J Galiardi (Fractured Right Foot Injury), Tyson Sexsmith (Healthy)
% Time on Ice - Knights
Lines # - Real PCT - Wanted PCT - Time Play
Normal Forward
1 - 33% - 40% - 17:29
2 - 32% - 30% - 16:53
3 - 21% - 20% - 11:01
4 - 15% - 10% - 8:07
Normal Defense
1 - 37% - 40% - 19:46
2 - 33% - 30% - 17:38
3 - 25% - 20% - 13:22
4 - 5% - 10% - 2:44
PP Forward
1 - 62% - 60% - 3:58
2 - 38% - 40% - 2:28
PP Defense
1 - 58% - 60% - 3:42
2 - 42% - 40% - 2:44
PK Forward
1 - 76% - 60% - 1:31
2 - 24% - 40% - 0:28
PK Defense
1 - 100% - 60% - 1:59
2 - 0% - 40% - 0:00
PK3 Forward
1 - 0% - 60%
2 - 0% - 40%
PK3 Defense
1 - 0% - 60%
2 - 0% - 40%
44 Forward
1 - 0% - 60%
2 - 0% - 40%
44 Defense
1 - 0% - 60%
2 - 0% - 40%
Last Minute Offensive - 0:00
Last Minute Defensive - 0:00
Total
Forward - 61:55
Defense - 61:55
|
% Time on Ice - Influenza
Lines # - Real PCT - Wanted PCT - Time Play
Normal Forward
1 - 37% - 40% - 19:32
2 - 27% - 30% - 14:23
3 - 23% - 20% - 12:06
4 - 14% - 10% - 7:29
Normal Defense
1 - 38% - 40% - 20:10
2 - 33% - 30% - 17:24
3 - 26% - 20% - 13:47
4 - 4% - 10% - 2:09
PP Forward
1 - 55% - 60% - 1:06
2 - 45% - 40% - 0:53
PP Defense
1 - 67% - 60% - 1:20
2 - 33% - 40% - 0:39
PK Forward
1 - 73% - 60% - 4:43
2 - 27% - 40% - 1:43
PK Defense
1 - 73% - 60% - 4:41
2 - 27% - 40% - 1:45
PK3 Forward
1 - 0% - 60%
2 - 0% - 40%
PK3 Defense
1 - 0% - 60%
2 - 0% - 40%
44 Forward
1 - 0% - 60%
2 - 0% - 40%
44 Defense
1 - 0% - 60%
2 - 0% - 40%
Last Minute Offensive - 0:00
Last Minute Defensive - 0:00
Total
Forward - 61:55
Defense - 61:55
|
Play by Play
1st period
0:01 of 1st period - Mark Scheifele wins face-off versus Cody Bass in neutral zone.
0:12 of 1st period - Mark Scheifele is hit by Cody Bass and loses puck.
0:25 of 1st period - Jimmy Hayes is hit by Matt Corrente and loses puck.
0:50 of 1st period - Slapshot by Iiro Pakarinen.
0:50 of 1st period - Stopped by Magnus Hellberg with a rebound.
0:55 of 1st period - Off-side.
0:56 of 1st period - Mark Olver wins face-off versus Brendan Gaunce in neutral zone.
1:03 of 1st period - Slapshot by Garnet Hathaway.
1:03 of 1st period - Stopped by Magnus Hellberg without a rebound.
1:04 of 1st period - Mark Olver wins face-off versus Brendan Gaunce in Knights zone.
1:31 of 1st period - Wrist shot by Garnet Hathaway.
1:31 of 1st period - Shot Blocked by Michael Matheson.
1:33 of 1st period - Slapshot by Dmitry Sinitsyn.
1:33 of 1st period - Stopped by Magnus Hellberg with a rebound.
1:35 of 1st period - Backhand shot by Garnet Hathaway.
1:35 of 1st period - Shot Blocked by Jaccob Slavin.
1:37 of 1st period - Snap shot by Mark Olver.
1:37 of 1st period - Stopped by Magnus Hellberg without a rebound.
1:38 of 1st period - Mark Scheifele wins face-off versus Cody Bass in Knights zone.
2:42 of 1st period - Snap shot by Mark Scheifele.
2:42 of 1st period - Shot Blocked by Tomas Kundratek.
2:56 of 1st period - Wrist shot by Mark Scheifele.
2:56 of 1st period - Shot Misses the Net.
2:58 of 1st period - Wrist shot by Jeremy Morin.
2:58 of 1st period - Stopped by Magnus Hellberg without a rebound.
2:59 of 1st period - Charlie Coyle wins face-off versus Cody Bass in Knights zone.
3:04 of 1st period - Wrist shot by Lane MacDermid.
3:04 of 1st period - Stopped by Magnus Hellberg with a rebound.
3:26 of 1st period - Paul Ladue is hit by Jordan Martinook and loses puck.
4:49 of 1st period - Garnet Hathaway is hit by Nikita Nikitin and loses puck.
5:06 of 1st period - Michael Matheson is hit by Beau Bennett and loses puck.
5:30 of 1st period - Off-side.
5:31 of 1st period - Stefan Matteau wins face-off versus Mark Scheifele in neutral zone.
5:42 of 1st period - Snap shot by Jeremy Morin.
5:42 of 1st period - Shot Misses the Net.
6:00 of 1st period - Snap shot by Kevin Hayes.
6:00 of 1st period - Stopped by Thomas McCollum without a rebound.
6:01 of 1st period - Cody Bass wins face-off versus Mark Scheifele in Influenza zone.
7:12 of 1st period - Slapshot by Cody Bass.
7:12 of 1st period - Stopped by Thomas McCollum without a rebound.
7:13 of 1st period - Michael Raffl wins face-off versus Mark Scheifele in Influenza zone.
7:18 of 1st period - Slapshot by Michael Raffl.
7:18 of 1st period - Shot Blocked by Joe Morrow.
7:20 of 1st period - Slapshot by Tomas Kundratek.
7:20 of 1st period - Shot Blocked by Dmitry Sinitsyn.
7:22 of 1st period - Slapshot by Michael Raffl.
7:22 of 1st period - Shot Misses the Net.
7:24 of 1st period - Wrist shot by Kevin Hayes.
7:24 of 1st period - Stopped by Thomas McCollum without a rebound.
7:25 of 1st period - Cody Bass wins face-off versus Charlie Coyle in Influenza zone.
7:50 of 1st period - A.J. Jenks is hit by Matt Corrente and loses puck.
8:20 of 1st period - Minor Penalty to Johan Larsson for Hooking.
8:21 of 1st period - Cody Bass wins face-off versus Mark Olver in Influenza zone.
10:20 of 1st period - Penalty to Johan Larsson is over, Johan Larsson is back on ice.
10:46 of 1st period - Wrist shot by Mark Scheifele.
10:46 of 1st period - Stopped by Magnus Hellberg without a rebound.
10:47 of 1st period - Jordan Schroeder wins face-off versus Brendan Gaunce in Knights zone.
11:27 of 1st period - Minor Penalty to Mark Scheifele for High sticking.
11:28 of 1st period - Cody Bass wins face-off versus Mark Olver in Influenza zone.
12:02 of 1st period - Wrist shot by Linden Vey.
12:02 of 1st period - Shot Misses the Net.
12:04 of 1st period - Snap shot by Jared Spurgeon.
12:04 of 1st period - Stopped by Thomas McCollum without a rebound.
12:05 of 1st period - Cody Bass wins face-off versus Iiro Pakarinen in Influenza zone.
12:14 of 1st period - Snap shot by Jimmy Hayes.
12:14 of 1st period - Shot Misses the Net.
12:16 of 1st period - Wrist shot by Jimmy Hayes.
12:16 of 1st period - Goal by Jimmy Hayes - Knights : 1 - Influenza : 0.
12:17 of 1st period - Charlie Coyle wins face-off versus Cody Bass in neutral zone.
12:20 of 1st period - Jared Spurgeon is hit by Lane MacDermid and loses puck.
12:43 of 1st period - A.J. Jenks is hit by Matt Corrente and loses puck.
13:31 of 1st period - Tom Wilson is hit by Paul Ladue and loses puck.
13:36 of 1st period - Snap shot by Iiro Pakarinen.
13:36 of 1st period - Stopped by Magnus Hellberg with a rebound.
13:48 of 1st period - Snap shot by Jimmy Vesey.
13:48 of 1st period - Stopped by Magnus Hellberg without a rebound.
13:49 of 1st period - Cody Bass wins face-off versus Mark Scheifele in Knights zone.
13:54 of 1st period - Snap shot by Michael Raffl.
13:54 of 1st period - Shot Misses the Net.
15:02 of 1st period - Slapshot by Mark Olver.
15:02 of 1st period - Shot Blocked by Tom Wilson.
15:06 of 1st period - Snap shot by Mark Olver.
15:06 of 1st period - Goal by Mark Olver - Knights : 1 - Influenza : 1.
15:07 of 1st period - Cody Bass wins face-off versus Charlie Coyle in neutral zone.
15:16 of 1st period - Wrist shot by Cody Bass.
15:16 of 1st period - Shot Blocked by Oskars Bartulis.
16:22 of 1st period - Wrist shot by Jeremy Morin.
16:22 of 1st period - Stopped by Magnus Hellberg without a rebound.
16:23 of 1st period - Brendan Gaunce wins face-off versus Mark Olver in Knights zone.
17:09 of 1st period - Snap shot by Iiro Pakarinen.
17:09 of 1st period - Stopped by Magnus Hellberg with a rebound.
17:11 of 1st period - Wrist shot by Jordan Schroeder.
17:11 of 1st period - Stopped by Magnus Hellberg without a rebound.
17:12 of 1st period - Noel Acciari wins face-off versus Jeremy Morin in Knights zone.
17:12 of 1st period - Noel Acciari is hit by Matt Corrente.
18:17 of 1st period - Slapshot by Nikita Nikitin.
18:17 of 1st period - Stopped by Thomas McCollum with a rebound.
18:19 of 1st period - Snap shot by Stefan Matteau.
18:19 of 1st period - Stopped by Thomas McCollum without a rebound.
18:20 of 1st period - Stefan Matteau wins face-off versus Jordan Schroeder in Influenza zone.
18:21 of 1st period - Slapshot by Jared Spurgeon.
18:21 of 1st period - Shot Blocked by Jeff May.
18:23 of 1st period - Slapshot by Jordan Martinook.
18:23 of 1st period - Shot Blocked by Oskars Bartulis.
18:25 of 1st period - Backhand shot by Tomas Kundratek.
18:25 of 1st period - Deflect By Stefan Matteau.
18:25 of 1st period - Stopped by Thomas McCollum with a rebound.
18:27 of 1st period - Slapshot by Tomas Kundratek.
18:27 of 1st period - Shot Misses the Net.
18:29 of 1st period - Slapshot by Tomas Kundratek.
18:29 of 1st period - Stopped by Thomas McCollum without a rebound.
18:30 of 1st period - Charlie Coyle wins face-off versus Kevin Hayes in Influenza zone.
18:30 of 1st period - Charlie Coyle is hit by Kevin Hayes.
18:42 of 1st period - Wrist shot by Kevin Hayes.
18:42 of 1st period - Shot Misses the Net.
18:44 of 1st period - Snap shot by Kevin Hayes.
18:44 of 1st period - Stopped by Thomas McCollum without a rebound.
18:45 of 1st period - Mark Scheifele wins face-off versus Noel Acciari in Influenza zone.
19:12 of 1st period - Paul Ladue is hit by Cody Bass and loses puck.
19:41 of 1st period - Wrist shot by Garnet Hathaway.
19:41 of 1st period - Shot Misses the Net.
Goals for this period are 1 for Knights vs 1 for Influenza.
Shots for this period are 10 for Knights vs 13 for Influenza.
2nd period
0:01 of 2nd period - Cody Bass wins face-off versus Mark Scheifele in neutral zone.
0:43 of 2nd period - Minor Penalty to Lane MacDermid for Hooking.
0:44 of 2nd period - Mark Olver wins face-off versus Cody Bass in Influenza zone.
0:55 of 2nd period - Backhand shot by Tomas Kundratek.
0:55 of 2nd period - Goal by Tomas Kundratek - Knights : 2 - Influenza : 1.
0:56 of 2nd period - Mark Scheifele wins face-off versus Cody Bass in neutral zone.
1:09 of 2nd period - Matt Corrente is hit by Cody Bass and loses puck.
1:47 of 2nd period - Johan Larsson is hit by Nikita Nikitin and loses puck.
2:26 of 2nd period - Wrist shot by Jimmy Vesey.
2:26 of 2nd period - Stopped by Magnus Hellberg with a rebound.
3:18 of 2nd period - Tomas Kundratek is hit by Mark Olver and loses puck.
3:33 of 2nd period - Wrist shot by Michael Raffl.
3:33 of 2nd period - Deflect By Cody Bass.
3:33 of 2nd period - Stopped by Thomas McCollum without a rebound.
3:34 of 2nd period - Mark Scheifele wins face-off versus Cody Bass in Influenza zone.
3:38 of 2nd period - Off-side.
3:39 of 2nd period - Mark Scheifele wins face-off versus Cody Bass in neutral zone.
4:23 of 2nd period - Slapshot by Michael Raffl.
4:23 of 2nd period - Stopped by Thomas McCollum without a rebound.
4:24 of 2nd period - Jeremy Morin wins face-off versus Noel Acciari in Influenza zone.
4:53 of 2nd period - Wrist shot by Stefan Matteau.
4:53 of 2nd period - Shot Misses the Net.
4:55 of 2nd period - Slapshot by Jaccob Slavin.
4:55 of 2nd period - Stopped by Thomas McCollum with a rebound.
4:57 of 2nd period - Wrist shot by Tom Wilson.
4:57 of 2nd period - Shot Misses the Net.
5:07 of 2nd period - Snap shot by Mark Scheifele.
5:07 of 2nd period - Shot Misses the Net.
5:25 of 2nd period - Slapshot by Paul Ladue.
5:25 of 2nd period - Deflect By Jimmy Vesey.
5:25 of 2nd period - Shot Blocked by A.J. Jenks.
5:25 of 2nd period - Puck is out of play.
5:26 of 2nd period - Noel Acciari wins face-off versus Charlie Coyle in Knights zone.
5:33 of 2nd period - Wrist shot by Jimmy Hayes.
5:33 of 2nd period - Shot Blocked by Lane MacDermid.
5:35 of 2nd period - Slapshot by Noel Acciari.
5:35 of 2nd period - Stopped by Thomas McCollum with a rebound.
5:58 of 2nd period - Kevin Hayes is hit by Johan Larsson and loses puck.
6:17 of 2nd period - Linden Vey is hit by Jordan Schroeder and loses puck.
6:37 of 2nd period - Lane MacDermid is hit by Jordan Martinook.
6:40 of 2nd period - Off-side.
6:41 of 2nd period - Mark Olver wins face-off versus Cody Bass in neutral zone.
6:48 of 2nd period - Wrist shot by Garnet Hathaway.
6:48 of 2nd period - Stopped by Magnus Hellberg with a rebound.
6:54 of 2nd period - Snap shot by Mark Olver.
6:54 of 2nd period - Stopped by Magnus Hellberg with a rebound.
7:55 of 2nd period - Mark Olver is hit by Tom Wilson and loses puck.
9:14 of 2nd period - Snap shot by Charlie Coyle.
9:14 of 2nd period - Stopped by Magnus Hellberg without a rebound.
9:15 of 2nd period - Mark Scheifele wins face-off versus Brendan Gaunce in Knights zone.
9:26 of 2nd period - Wrist shot by Jimmy Vesey.
9:26 of 2nd period - Shot Misses the Net.
9:28 of 2nd period - Snap shot by Mark Scheifele.
9:28 of 2nd period - Shot Blocked by Jaccob Slavin.
9:30 of 2nd period - Slapshot by Jeff May.
9:30 of 2nd period - Shot Misses the Net.
9:47 of 2nd period - Wrist shot by Lane MacDermid.
9:47 of 2nd period - Shot Misses the Net.
10:22 of 2nd period - Slapshot by Garnet Hathaway.
10:22 of 2nd period - Stopped by Magnus Hellberg without a rebound.
10:23 of 2nd period - Mark Olver wins face-off versus Stefan Matteau in Knights zone.
10:48 of 2nd period - Matt Corrente is hit by Jordan Martinook and loses puck.
11:16 of 2nd period - Tomas Kundratek is hit by Garnet Hathaway and loses puck.
11:21 of 2nd period - Snap shot by Garnet Hathaway.
11:21 of 2nd period - Goal by Garnet Hathaway - Knights : 2 - Influenza : 2.
11:22 of 2nd period - Michael Raffl wins face-off versus Mark Scheifele in neutral zone.
11:29 of 2nd period - Snap shot by Cody Bass.
11:29 of 2nd period - Shot Blocked by Matt Corrente.
11:31 of 2nd period - Slapshot by Jacob Trouba.
11:31 of 2nd period - Shot Misses the Net.
11:33 of 2nd period - Wrist shot by Kevin Hayes.
11:33 of 2nd period - Stopped by Thomas McCollum with a rebound.
11:35 of 2nd period - Snap shot by Michael Raffl.
11:35 of 2nd period - Deflect By Kevin Hayes.
11:35 of 2nd period - Stopped by Thomas McCollum without a rebound.
11:36 of 2nd period - Charlie Coyle wins face-off versus Cody Bass in Influenza zone.
11:43 of 2nd period - Snap shot by Charlie Coyle.
11:43 of 2nd period - Shot Blocked by Michael Raffl.
12:01 of 2nd period - Noel Acciari is hit by Jeremy Morin and loses puck.
12:12 of 2nd period - Jimmy Vesey is hit by A.J. Jenks and loses puck.
12:27 of 2nd period - Nikita Nikitin is hit by Jeff May and loses puck.
12:56 of 2nd period - Snap shot by Linden Vey.
12:56 of 2nd period - Shot Misses the Net.
13:24 of 2nd period - Wrist shot by Mark Olver.
13:24 of 2nd period - Stopped by Magnus Hellberg with a rebound.
13:32 of 2nd period - Snap shot by Cody Bass.
13:32 of 2nd period - Shot Misses the Net.
13:51 of 2nd period - Snap shot by Mark Olver.
13:51 of 2nd period - Shot Blocked by Jaccob Slavin.
13:53 of 2nd period - Slapshot by Joe Morrow.
13:53 of 2nd period - Shot Misses the Net.
13:55 of 2nd period - Wrist shot by Mark Olver.
13:55 of 2nd period - Stopped by Magnus Hellberg without a rebound.
13:56 of 2nd period - Noel Acciari wins face-off versus Mark Scheifele in Knights zone.
14:05 of 2nd period - Snap shot by Noel Acciari.
14:05 of 2nd period - Stopped by Thomas McCollum with a rebound.
14:21 of 2nd period - Jimmy Hayes is hit by Paul Ladue and loses puck.
14:26 of 2nd period - Backhand shot by Iiro Pakarinen.
14:26 of 2nd period - Deflect By Jordan Schroeder.
14:26 of 2nd period - Shot Misses the Net.
14:26 of 2nd period - Puck is out of play.
14:27 of 2nd period - Brendan Gaunce wins face-off versus Jordan Schroeder in Knights zone.
14:27 of 2nd period - Brendan Gaunce is hit by Iiro Pakarinen.
14:28 of 2nd period - Brendan Gaunce from Knights is injured at 14:28 of 2nd period (Groin).
14:29 of 2nd period - Cody Bass wins face-off versus Mark Scheifele in Knights zone.
15:25 of 2nd period - Wrist shot by Scott Wilson.
15:25 of 2nd period - Stopped by Thomas McCollum with a rebound.
15:27 of 2nd period - Snap shot by Linden Vey.
15:27 of 2nd period - Shot Blocked by Oskars Bartulis.
15:37 of 2nd period - Snap shot by Jordan Schroeder.
15:37 of 2nd period - Stopped by Magnus Hellberg without a rebound.
15:38 of 2nd period - Mark Scheifele wins face-off versus Cody Bass in Knights zone.
15:39 of 2nd period - Wrist shot by Jimmy Vesey.
15:39 of 2nd period - Stopped by Magnus Hellberg with a rebound.
15:43 of 2nd period - Slapshot by Mark Scheifele.
15:43 of 2nd period - Shot Misses the Net.
15:45 of 2nd period - Wrist shot by Jeremy Morin.
15:45 of 2nd period - Shot Misses the Net.
15:47 of 2nd period - Wrist shot by Jimmy Vesey.
15:47 of 2nd period - Shot Blocked by Cody Bass.
15:49 of 2nd period - Slapshot by Matt Corrente.
15:49 of 2nd period - Shot Misses the Net.
16:12 of 2nd period - Wrist shot by Beau Bennett.
16:12 of 2nd period - Stopped by Magnus Hellberg with a rebound.
16:19 of 2nd period - Icing by Jaccob Slavin.
16:20 of 2nd period - Iiro Pakarinen wins face-off versus Tom Wilson in Knights zone.
16:55 of 2nd period - Snap shot by Jimmy Vesey.
16:55 of 2nd period - Shot Misses the Net.
16:57 of 2nd period - Backhand shot by Paul Ladue.
16:57 of 2nd period - Shot Misses the Net.
17:09 of 2nd period - Jared Spurgeon is hit by Oskars Bartulis.
17:13 of 2nd period - Lane MacDermid is hit by Noel Acciari and loses puck.
17:26 of 2nd period - Scott Wilson is hit by Garnet Hathaway and loses puck.
17:45 of 2nd period - Snap shot by Stefan Matteau.
17:45 of 2nd period - Shot Misses the Net.
18:03 of 2nd period - Kevin Hayes is hit by Jimmy Vesey and loses puck.
18:18 of 2nd period - Nikita Nikitin is hit by Beau Bennett and loses puck.
18:30 of 2nd period - Icing by Jacob Trouba.
18:31 of 2nd period - Mark Scheifele wins face-off versus Noel Acciari in Knights zone.
18:38 of 2nd period - Wrist shot by Mark Scheifele.
18:38 of 2nd period - Stopped by Magnus Hellberg with a rebound.
19:21 of 2nd period - Icing by Joe Morrow.
19:22 of 2nd period - Mark Olver wins face-off versus Kevin Hayes in Influenza zone.
19:22 of 2nd period - Mark Olver is hit by Jared Spurgeon.
19:29 of 2nd period - Snap shot by Garnet Hathaway.
19:29 of 2nd period - Stopped by Magnus Hellberg with a rebound.
19:31 of 2nd period - Slapshot by Johan Larsson.
19:31 of 2nd period - Shot Misses the Net.
19:37 of 2nd period - Slapshot by Garnet Hathaway.
19:37 of 2nd period - Shot Blocked by Kevin Hayes.
19:39 of 2nd period - Slapshot by Dmitry Sinitsyn.
19:39 of 2nd period - Shot Misses the Net.
19:41 of 2nd period - Snap shot by Johan Larsson.
19:41 of 2nd period - Shot Misses the Net.
19:43 of 2nd period - Snap shot by Garnet Hathaway.
19:43 of 2nd period - Shot Blocked by Michael Raffl.
19:45 of 2nd period - Snap shot by Mark Olver.
19:45 of 2nd period - Stopped by Magnus Hellberg with a rebound.
19:47 of 2nd period - Snap shot by Garnet Hathaway.
19:47 of 2nd period - Stopped by Magnus Hellberg with a rebound.
19:49 of 2nd period - Snap shot by Mark Olver.
19:49 of 2nd period - Deflect By Garnet Hathaway.
19:49 of 2nd period - Shot Misses the Net.
19:49 of 2nd period - Puck is out of play.
19:50 of 2nd period - Tom Wilson wins face-off versus Mark Scheifele in Knights zone.
19:50 of 2nd period - Tom Wilson is hit by Matt Corrente.
Goals for this period are 1 for Knights vs 1 for Influenza.
Shots for this period are 9 for Knights vs 15 for Influenza.
3rd period
0:01 of 3rd period - Cody Bass wins face-off versus Mark Scheifele in neutral zone.
0:06 of 3rd period - Slapshot by Tomas Kundratek.
0:06 of 3rd period - Deflect By Michael Raffl.
0:06 of 3rd period - Stopped by Thomas McCollum with a rebound.
0:08 of 3rd period - Slapshot by Jared Spurgeon.
0:08 of 3rd period - Deflect By Mark Scheifele.
0:08 of 3rd period - Stopped by Thomas McCollum without a rebound.
0:09 of 3rd period - Cody Bass wins face-off versus Mark Scheifele in Influenza zone.
0:16 of 3rd period - Snap shot by Cody Bass.
0:16 of 3rd period - Goal by Cody Bass - Knights : 3 - Influenza : 2.
0:17 of 3rd period - Cody Bass wins face-off versus Mark Scheifele in neutral zone.
0:32 of 3rd period - Slapshot by Jeremy Morin.
0:32 of 3rd period - Stopped by Magnus Hellberg with a rebound.
0:50 of 3rd period - Kevin Hayes is hit by Iiro Pakarinen and loses puck.
1:27 of 3rd period - Snap shot by Mark Scheifele.
1:27 of 3rd period - Shot Blocked by Nikita Nikitin.
1:29 of 3rd period - Wrist shot by Jimmy Vesey.
1:29 of 3rd period - Stopped by Magnus Hellberg without a rebound.
1:30 of 3rd period - Mark Scheifele wins face-off versus Tom Wilson in Knights zone.
2:44 of 3rd period - Icing by Oskars Bartulis.
2:45 of 3rd period - Tom Wilson wins face-off versus Garnet Hathaway in Influenza zone.
2:56 of 3rd period - Snap shot by Linden Vey.
2:56 of 3rd period - Stopped by Thomas McCollum with a rebound.
2:58 of 3rd period - Slapshot by Jared Spurgeon.
2:58 of 3rd period - Shot Misses the Net.
3:32 of 3rd period - Slapshot by Lane MacDermid.
3:32 of 3rd period - Shot Blocked by Nikita Nikitin.
3:34 of 3rd period - Wrist shot by Lane MacDermid.
3:34 of 3rd period - Shot Blocked by Nikita Nikitin.
3:36 of 3rd period - Wrist shot by Lane MacDermid.
3:36 of 3rd period - Shot Misses the Net.
3:38 of 3rd period - Slapshot by Jeff May.
3:38 of 3rd period - Stopped by Magnus Hellberg with a rebound.
3:40 of 3rd period - Snap shot by Beau Bennett.
3:40 of 3rd period - Stopped by Magnus Hellberg with a rebound.
4:10 of 3rd period - Jacob Trouba is hit by Jeremy Morin and loses puck.
4:43 of 3rd period - Snap shot by Beau Bennett.
4:43 of 3rd period - Shot Misses the Net.
4:45 of 3rd period - Wrist shot by Beau Bennett.
4:45 of 3rd period - Shot Misses the Net.
4:47 of 3rd period - Slapshot by Matt Corrente.
4:47 of 3rd period - Stopped by Magnus Hellberg without a rebound.
4:48 of 3rd period - Noel Acciari wins face-off versus Charlie Coyle in Knights zone.
6:01 of 3rd period - Minor Penalty to Tomas Kundratek for Tripping.
6:02 of 3rd period - Cody Bass wins face-off versus Mark Scheifele in Knights zone.
6:02 of 3rd period - Cody Bass is hit by Lane MacDermid.
6:58 of 3rd period - Wrist shot by Kevin Hayes.
6:58 of 3rd period - Shot Misses the Net.
8:01 of 3rd period - Penalty to Tomas Kundratek is over, Tomas Kundratek is back on ice.
8:08 of 3rd period - Off-side.
8:09 of 3rd period - Iiro Pakarinen wins face-off versus Stefan Matteau in neutral zone.
8:37 of 3rd period - Off-side.
8:38 of 3rd period - Noel Acciari wins face-off versus Mark Olver in neutral zone.
9:01 of 3rd period - Jimmy Vesey is hit by Cody Bass and loses puck.
9:48 of 3rd period - Slapshot by Jordan Schroeder.
9:48 of 3rd period - Stopped by Magnus Hellberg with a rebound.
9:50 of 3rd period - Snap shot by Jordan Schroeder.
9:50 of 3rd period - Stopped by Magnus Hellberg without a rebound.
9:51 of 3rd period - Mark Scheifele wins face-off versus Cody Bass in Knights zone.
10:00 of 3rd period - Wrist shot by Jimmy Vesey.
10:00 of 3rd period - Goal by Jimmy Vesey - Knights : 3 - Influenza : 3.
10:01 of 3rd period - Mark Scheifele wins face-off versus Cody Bass in neutral zone.
10:04 of 3rd period - Kevin Hayes is hit by Jeremy Morin and loses puck.
10:47 of 3rd period - Slapshot by Matt Corrente.
10:47 of 3rd period - Shot Misses the Net.
11:21 of 3rd period - Snap shot by Mark Scheifele.
11:21 of 3rd period - Shot Misses the Net.
11:59 of 3rd period - Scott Wilson is hit by Garnet Hathaway and loses puck.
12:24 of 3rd period - Snap shot by Iiro Pakarinen.
12:24 of 3rd period - Shot Misses the Net.
12:26 of 3rd period - Wrist shot by Jeff May.
12:26 of 3rd period - Shot Misses the Net.
12:28 of 3rd period - Slapshot by Oskars Bartulis.
12:28 of 3rd period - Shot Blocked by Linden Vey.
12:30 of 3rd period - Slapshot by Oskars Bartulis.
12:30 of 3rd period - Stopped by Magnus Hellberg without a rebound.
12:31 of 3rd period - Cody Bass wins face-off versus Mark Scheifele in Knights zone.
12:31 of 3rd period - Cody Bass is hit by Jeremy Morin.
12:57 of 3rd period - Jimmy Hayes is hit by Oskars Bartulis and loses puck.
13:05 of 3rd period - Minor Penalty to Beau Bennett for Holding.
13:06 of 3rd period - Michael Raffl wins face-off versus Mark Olver in Influenza zone.
13:16 of 3rd period - Snap shot by Cody Bass.
13:16 of 3rd period - Stopped by Thomas McCollum with a rebound.
13:18 of 3rd period - Snap shot by Cody Bass.
13:18 of 3rd period - Stopped by Thomas McCollum without a rebound.
13:19 of 3rd period - Mark Olver wins face-off versus Cody Bass in Influenza zone.
13:52 of 3rd period - Snap shot by Linden Vey.
13:52 of 3rd period - Shot Misses the Net.
14:07 of 3rd period - Kevin Hayes is hit by Mark Scheifele and loses puck.
14:12 of 3rd period - Snap shot by Jeremy Morin.
14:12 of 3rd period - Stopped by Magnus Hellberg without a rebound.
14:13 of 3rd period - Mark Olver wins face-off versus Michael Raffl in Knights zone.
14:28 of 3rd period - Snap shot by Jaccob Slavin.
14:28 of 3rd period - Shot Blocked by Matt Corrente.
15:05 of 3rd period - Penalty to Beau Bennett is over, Beau Bennett is back on ice.
15:57 of 3rd period - Snap shot by Stefan Matteau.
15:57 of 3rd period - Stopped by Thomas McCollum without a rebound.
15:58 of 3rd period - Mark Scheifele wins face-off versus Noel Acciari in Influenza zone.
16:05 of 3rd period - Noel Acciari is hit by Mark Scheifele.
16:25 of 3rd period - Jacob Trouba is hit by Beau Bennett and loses puck.
16:38 of 3rd period - Matt Corrente is hit by Noel Acciari and loses puck.
18:17 of 3rd period - Tomas Kundratek is hit by Jordan Schroeder.
18:59 of 3rd period - Joe Morrow is hit by Tomas Kundratek and loses puck.
19:10 of 3rd period - Dmitry Sinitsyn is hit by Michael Raffl and loses puck.
19:40 of 3rd period - Kevin Hayes is hit by Iiro Pakarinen and loses puck.
Goals for this period are 1 for Knights vs 1 for Influenza.
Shots for this period are 7 for Knights vs 10 for Influenza.
Overtime #1
0:01 of 1st overtime period - Cody Bass wins face-off versus Mark Scheifele in neutral zone.
0:27 of 1st overtime period - Minor Penalty to Beau Bennett for Holding.
0:28 of 1st overtime period - Cody Bass wins face-off versus Mark Olver in Influenza zone.
0:37 of 1st overtime period - Slapshot by Tomas Kundratek.
0:37 of 1st overtime period - Deflect By Jimmy Hayes.
0:37 of 1st overtime period - Shot Misses the Net.
0:37 of 1st overtime period - Puck is out of play.
0:38 of 1st overtime period - Cody Bass wins face-off versus Mark Olver in Influenza zone.
0:41 of 1st overtime period - Slapshot by Michael Raffl.
0:41 of 1st overtime period - Shot Blocked by Mark Olver.
0:43 of 1st overtime period - Snap shot by Cody Bass.
0:43 of 1st overtime period - Shot Blocked by Jeff May.
0:45 of 1st overtime period - Slapshot by Jared Spurgeon.
0:45 of 1st overtime period - Deflect By Cody Bass.
0:45 of 1st overtime period - Shot Blocked by Mark Olver.
0:45 of 1st overtime period - Puck is out of play.
0:46 of 1st overtime period - Cody Bass wins face-off versus Mark Olver in Influenza zone.
0:53 of 1st overtime period - Snap shot by Cody Bass.
0:53 of 1st overtime period - Shot Blocked by Matt Corrente.
0:57 of 1st overtime period - Slapshot by Cody Bass.
0:57 of 1st overtime period - Stopped by Thomas McCollum with a rebound.
1:21 of 1st overtime period - Slapshot by Jared Spurgeon.
1:21 of 1st overtime period - Shot Misses the Net.
1:55 of 1st overtime period - Slapshot by Oskars Bartulis.
1:55 of 1st overtime period - Goal by Oskars Bartulis - Knights : 3 - Influenza : 4.
Goals for this period are 0 for Knights vs 1 for Influenza.
Shots for this period are 1 for Knights vs 1 for Influenza.
Back to the Top